 Dungeon Sprint DCSS version 0.28-a0-984-g3775c662fe (webtiles) character file.

Game seed: 4011430149424840201

50 horus123 the Fiendish (level 7, -3/62 HPs)
             Began as a Hill Orc Fighter on Dec 4, 2021.
             Was a Priest of Makhleb.
             Slain by a cane toad (19 damage)
             ... in the Dungeon (Sprint VI: "Thunderdome").
             The game lasted 00:06:57 (493 turns).

horus123 the Fiendish (Hill Orc Fighter)             Turns: 493, Time: 00:06:57

Health: -3/62      AC: 11    Str: 27    XL:     7   Next: 76%
Magic:  18/18      EV: 10    Int: 11    God:    Makhleb [***...]
Gold:   145        SH:  6    Dex: 13    Spells: 6/6 levels left

rFire   x . .      SeeInvis .   a - +0 war axe
rCold   + . .      Faith    .   c - +0 buckler
rNeg    . . .      Spirit   .   b - +0 scale mail
rPois   .          Reflect  .   (no helmet)
rElec   +          Harm     .   (no cloak)
rCorr   +          Rampage  .   (no gloves)
Will    +....      NoTele   +   (no boots)
Stlth   +.........              o - amulet "Jeotid" {Acrobat rC+ rCorr Dex+3}
HPRegen 0.20/turn               p - ring "Misadol" {Str+6 Int+3}
MPRegen 0.16/turn               q - ring "Poimupli" {rElec rF- Will+ AC+4 Stlth+}

@: no status effects
A: no striking features
a: Renounce Religion, Minor Destruction, Lesser Servant of Makhleb


You were in the Dungeon.
You worshipped Makhleb.
Makhleb was most pleased with you.
You visited 1 branch You collected 280 gold pieces.
You spent 135 gold pieces at shops.

Inventory:

Hand Weapons
 a - a +0 war axe (weapon)
Armour
 b - a +0 scale mail (worn)
 c - a +0 buckler (worn)
Jewellery
 o - the amulet "Jeotid" (around neck) {Acrobat rC+ rCorr Dex+3}
   (You bought it in a shop in the Dungeon)

   [amulet of the acrobat]

   It increases your evasion while moving and waiting.
   Dex:       It affects your dexterity (+3).
   rC:        It protects you from cold.
   rCorr:     It protects you from acid and corrosion.
 p - the ring "Misadol" (left hand) {Str+6 Int+3}
   (You bought it in a shop in the Dungeon)

   [ring of strength]

   Str:       It affects your strength (+6).
   Int:       It affects your intelligence (+3).
 q - the ring "Poimupli" (right hand) {rElec rF- Will+ AC+4 Stlth+}
   (You bought it in a shop in the Dungeon)

   [ring of protection]

   AC:        It affects your AC (+4).
   rF:        It makes you vulnerable to fire.
   rElec:     It insulates you from electricity.
   Will:      It increases your willpower.
   Stlth:     It makes you more stealthy.
Wands
 k - a wand of acid (5)
Scrolls
 j - 3 scrolls of blinking
 m - 3 scrolls of fog
Potions
 d - a potion of might
 e - a potion of curing
 f - a potion of heal wounds
 g - 4 potions of haste
 h - 2 potions of magic
 i - a potion of berserk rage
 l - 2 potions of attraction {unknown}
 n - a potion of resistance


   Skills:
 - Level 5.8 Fighting
 + Level 6.3 Axes
 - Level 5.0 Armour
 - Level 0.1 Dodging
 - Level 9.2 Shields
 - Level 16.2 Invocations
 - Level 0.6 Evocations


You had 6 spell levels left.
You didn't know any spells.
Your spell library was empty.

Dungeon Overview and Level Annotations

Branches:
Dungeon (1/1)

Altars:
Cheibriados
Dithmenos
Fedhas
Gozag
Kikubaaqudgha
Makhleb
Okawaru
Qazlal
Ru
Sif Muna
Trog
Uskayaw
Vehumet
Wu Jian
Xom
Yredelemnul
Zin
The Shining One
Beogh
Jiyva
Lugonu

Shops:
D *[??*?*:[((!!!!


Message History

A bullfrog comes into view.
The bullfrog gives a loud, deep croak!
You closely miss the bullfrog. You block the bullfrog's attack.
The bullfrog hits you.
You slash the bullfrog!
The bullfrog is heavily wounded.
The bullfrog hits you but does no damage.
The bullfrog hits you.
You slash the bullfrog!
You kill the bullfrog!
Makhleb accepts your kill.
You feel better.
Your Invocations skill increases to level 16!
You see here a bullfrog corpse.
There is an entrance to Yriu's Magic Scroll Shop here.
A bullfrog comes into view.
The bullfrog croaks.
You slash the bullfrog!
The bullfrog is heavily wounded.
The bullfrog hits you but does no damage. x2
You slash the bullfrog!
The bullfrog is almost dead.
The bullfrog completely misses you. The bullfrog hits you.
You hit the bullfrog.
You kill the bullfrog!
Makhleb accepts your kill.
You feel better.
Your Axes skill gained 2 levels and is now at level 6!
A cane toad comes into view.
The cane toad gives a loud, deep croak!
There is an entrance to Yriu's Magic Scroll Shop here.
The cane toad writhes in agony!
The puff of flame hits the cane toad!
The cane toad is moderately wounded.
The cane toad closely misses you.
The cane toad barely resists.
The cane toad stings you!
The cane toad writhes in agony.
The cane toad stings you!!
* * * LOW HITPOINT WARNING * * *
The cane toad stings you!!
You die...

##### ##⌠⌠⌠## #.†...#
##.....## ##∩.....∩##
#∩@......∩# #_F......_#
#_......._# #_.†.[..._#
###†........###
#⌠†..........⌠#
######.8.........8.######
##.___......###......___∩##
###∩........8.#
#.8........∩#


You could see a cane toad.

Vanquished Creatures
  Grinder (D)
  A necrophage (D)
  A phantom (D)
  5 bullfrogs (D)
  A wight (D)
  2 shadow imps (D)
  2 white imps (D)
  A bat skeleton (D)
  A bat zombie (D)
  A quokka zombie (D)
16 creatures vanquished.

Notes
Turn   | Place    | Note
-------+----------+-------------------------------------------
     0 | D        | horus123 the Hill Orc Fighter began the quest for the Orb.
     0 | D        | Reached XP level 1. HP: 19/19 MP: 1/1
     1 | D        | Found a sacrificial altar of Ru.
     2 | D        | Found a hide-covered altar of Uskayaw.
     3 | D        | Found a corrupted altar of Lugonu.
     3 | D        | Found a shimmering blue altar of Sif Muna.
     4 | D        | Found Rirchash's Identification Station.
     4 | D        | Found a snail-covered altar of Cheibriados.
     4 | D        | Found an ancient bone altar of Kikubaaqudgha.
     5 | D        | Found Mick's Advanced Armour.
     5 | D        | Found Ypoiwnot's Jewellery.
     5 | D        | Round 1.
    26 | D        | Bought a shimmering iron amulet for 45 gold pieces
    26 | D        | Identified the amulet "Jeotid" {Acrobat rC+ rCorr Dex+3}
                  | (You bought it in a shop in the Dungeon)
    26 | D        | Bought a crude silver ring for 45 gold pieces
    26 | D        | Identified the ring "Misadol" {Str+6 Int+3} (You bought it
                  | in a shop in the Dungeon)
    35 | D        | Found a viscous altar of Jiyva.
    37 | D        | Found an ornate altar of the Wu Jian Council.
    37 | D        | Found a shadowy altar of Dithmenos.
    39 | D        | Found Ithrunea's Magic Scroll Shop.
    41 | D        | Found Yriu's Magic Scroll Shop.
    41 | D        | Found Jotuh's Must-Have Magic.
    43 | D        | Found a glowing golden altar of the Shining One.
    43 | D        | Found a shimmering altar of Xom.
    43 | D        | Found a radiant altar of Vehumet.
    43 | D        | Found Gauskut's Staff Store.
    58 | D        | Noticed a wight
    66 | D        | Found a roughly hewn altar of Beogh.
    66 | D        | Found an opulent altar of Gozag.
    66 | D        | Found a bloodstained altar of Trog.
    68 | D        | Killed a wight
    69 | D        | Reached skill level 5 in Fighting
    69 | D        | Reached skill level 5 in Armour
    69 | D        | Reached skill level 5 in Shields
    69 | D        | Reached XP level 2. HP: 14/30 MP: 2/2
    69 | D        | Reached XP level 3. HP: 18/37 MP: 3/3
    69 | D        | Found Gitzij's Distillery.
    70 | D        | Found Xateiw's Distillery.
    70 | D        | Found Ritughesi's Bottled Wisdom.
    70 | D        | Found a basalt altar of Yredelemnul.
    70 | D        | Found a blossoming altar of Fedhas.
    70 | D        | Found Xudon's Do-It-Yourself Clinic.
    91 | D        | Found an iron altar of Okawaru.
    93 | D        | Found a burning altar of Makhleb.
    93 | D        | Found a stormy altar of Qazlal.
    94 | D        | Found Gaes's Weapon Rack.
    95 | D        | Found Qoteor's Basic Armour.
    95 | D        | Found Pisch's Miscellaneous Merchandise.
    96 | D        | Found a glowing silver altar of Zin.
    96 | D        | Found Kibbooha's Premium Goods.
   101 | D        | Became a worshipper of Makhleb the Destroyer
   109 | D        | Noticed a necrophage
   116 | D        | Killed a necrophage
   117 | D        | Reached skill level 9 in Invocations
   117 | D        | Reached XP level 4. HP: 28/44 MP: 3/10
   117 | D        | Reached XP level 5. HP: 32/50 MP: 3/11
   139 | D        | Noticed a phantom
   151 | D        | Killed a phantom
   151 | D        | Arena points: 14 (+14) [x2]
   188 | D        | Round 2.
   199 | D        | Reached * piety under Makhleb
   223 | D        | Reached XP level 6. HP: 5/57 MP: 12/12
   223 | D        | Reached ** piety under Makhleb
   311 | D        | Noticed Grinder
   322 | D        | HP: 2/57 [Grinder (4)]
   325 | D        | Paralysed by Grinder for 3 turns
   330 | D        | Killed Grinder
   330 | D        | Arena points: 50 (+36) [x3]
   331 | D        | Reached skill level 13 in Invocations
   331 | D        | Reached XP level 7. HP: 40/62 MP: 13/17
   353 | D        | Bought a fine bone ring for 45 gold pieces
   353 | D        | Identified the ring "Poimupli" {rElec rF- Will+ AC+4
                  | Stlth+} (You bought it in a shop in the Dungeon)
   381 | D        | Round 3.
   397 | D        | Reached skill level 14 in Invocations
   412 | D        | Reached *** piety under Makhleb
   416 | D        | Reached skill level 15 in Invocations
   433 | D        | Reached skill level 16 in Invocations
   487 | D        | Noticed a cane toad
   493 | D        | Slain by a cane toad

Illustrated notes

Levels and vault maps discovered:
D:        arena_sprint

Skill      XL: |  1  2  3  4  5  6  7 |
---------------+----------------------+-----
Fighting       | 5 |  5.8
Axes           | 4 6 |  6.3
Armour         | 5 |  5.0
Shields        | 5 8 9 |  9.2
Invocations    | 9 13 16 | 16.2
Dodging        | |  0.1
Evocations     | |  0.6

Action                   |  1- 3 |  4- 6 |  7- 9 || total
-------------------------+-------+-------+-------++-------
Melee: War axe           |     7 |    27 |     8 ||    42
Invok: Minor Destruction |       |    11 |    16 ||    27
Evoke: Wand              |     5 |       |       ||     5
  Use: Potion            |     2 |     1 |       ||     3
       Scroll            |     1 |       |       ||     1
Armor: Scale mail        |     5 |     8 |    10 ||    23
Dodge: Dodged            |    10 |    16 |     6 ||    32
Block: Buckler           |     3 |     5 |     3 ||    11

Table legend: (Time is in decaauts)
 A = Elapsed time spent in this place.
 B = Non-inter-level travel time spent in this place.
 C = Inter-level travel time spent in this place.
 D = Time resting spent in this place.
 E = Time spent auto-exploring this place.
 F = Levels seen in this place.
 G = Mean time per level.
                   A        B        C        D        E       F      G
               +--------+--------+--------+--------+--------+-----+--------+
         Total |    505 |    505 |      0 |      0 |    191 |   1 |  505.0 |
       Dungeon |    505 |    505 |      0 |      0 |    191 |   1 |  505.0 |
               +--------+--------+--------+--------+--------+-----+--------+

Top non-repeatable levels by time:
       D: 505 daAuts
